 Dungeon Crawl Stone Soup version 0.31-a0-466-g98c9adc2b6 (webtiles) character file.

Game seed: 16044348838763398191

25 avis the Changeling (level 2, -1/12 HPs)
             Began as a Felid Shapeshifter on Aug 5, 2023.
             Slain by a goblin
             ... wielding a +0 dagger
             ... led by Robin
              (3 damage)
             ... on level 1 of the Dungeon.
             The game lasted 00:03:07 (910 turns).

avis the Changeling (Felid Shapeshifter)             Turns: 910, Time: 00:03:08

Health: -1/12      AC:  1    Str: 11    XL:     2   Next: 86%
Magic:  3/3        EV: 17    Int:  9    God:
Gold:   58         SH:  0    Dex: 16    Spells: 1/1 levels left
                                        Lives:  0   Deaths: 0

rFire   . .          .
                       - Unarmed
rCold   . . .        (shield unavailable)
rNeg    . . .        (body armour unavailable)
rPois   .            (helmet unavailable)
rElec   .            (cloak unavailable)
rCorr   .            (gloves unavailable)
SInv    +            (boots unavailable)
Will    .....        (no amulet)
Stlth   ++           (no ring)
HPRegen 0.22/turn    (no ring)
MPRegen 0.08/turn

%: no passive effects
@: beast-form, quick
A: beast (slay +2), very small, claws 1, fangs 3, see invisible, speed 1, shaggy
fur 1, stealthy paws, no weapons or thrown items, no armour, multi-lived
a: Begin Untransformation


You were on level 1 of the Dungeon.
You were a hulking beast.
You visited 1 branch of the dungeon, and saw 2 of its levels.

You collected 58 gold pieces.

Inventory:

Talismans
 b - a beast talisman (active)
Scrolls
 c - a scroll of torment {unknown}
 d - a scroll of identify {unknown}
 e - a scroll of silence {unknown}
 f - a scroll of teleportation {unknown}
Potions
 a - a potion of lignification
 g - a potion of curing {unknown}


   Skills:
 + Level 1.3 Fighting
 + Level 3.0 Dodging
 - Level 2.0 Stealth
 * Level 3.3 Unarmed Combat
 + Level 3.4 Shapeshifting


You had one spell level left.
You didn't know any spells.
Your spell library contained the following spells:

 Spells                   Type           Power      Damage    Failure   Level
 Blink                    Tloc           0%         N/A       52%         2
 Lesser Beckoning         Tloc           0%         N/A       52%         2
 Momentum Strike          Conj/Tloc      0%         3d8       52%         2


Dungeon Overview and Level Annotations

Branches:
Dungeon (2/15)

Altars:

Shops:
D:1 (

Annotations:
D:2 Robin


Innate Abilities, Weirdness & Mutations

You are a hulking beast.
Your limbs bulge with bestial killing power. (Slay +2)
You have sharp claws.
You have razor-sharp teeth.
You have supernaturally acute eyesight. (SInv)
You cover ground quickly. (Speed+)
You are covered in fur. (AC +1)
Your paws help you pounce on unaware monsters.
You are incapable of wielding weapons or throwing items.
You cannot wear armour.
You gain extra lives every three experience levels.


Message History

There is a stone staircase leading up here.
You climb upwards.
There is a stone staircase leading down here.
There is a stone staircase leading down here.
You climb downwards.
The goblin shouts! x3; The hobgoblin shouts!
The goblin shouts!
The hobgoblin shouts! x2; The goblin shouts! x2
The hobgoblin hits you.
Robin shouts!
The goblin shouts!
There is a stone staircase leading up here.
The goblin barely misses you. The hobgoblin hits you.
You climb upwards.
There is a stone staircase leading down here.
You claw the hobgoblin!
You kill the hobgoblin!
The hobgoblin hits you. The goblin hits you with a +0 club.
You scratch the goblin.
The goblin is heavily wounded.
The hobgoblin closely misses you. The goblin completely misses you.
You claw the goblin!
You kill the goblin!
The hobgoblin misses you.
You claw the hobgoblin!
You kill the hobgoblin!
You start resting.
HP restored.
You climb downwards.
Level annotation: Robin Robin throws the goblin at you!
The goblin hits you but does no damage.
The goblin barely misses you. x2; The goblin hits you with a +0 dagger.
There is a stone staircase leading up here.
The goblin hits you with a +0 club. x3
* * * LOW HITPOINT WARNING * * *
The goblin misses you. x2
You climb upwards.
There is a stone staircase leading down here.
You claw the goblin!
You kill the goblin!
The goblin misses you. The goblin hits you with a +0 dagger.
You die...

.......# #...#
###.###.##
♣#####.############.##
#.# #.##
♣P~...............#.#
#)# #...
~~~..#...>........#.#
#.######
....##..########..#.#
#)....# ...###..#
#....# ##.....##
~..###..# ##.###
#........ ~.......#
###)### #......##
.######.#


#ghgg.# #>.....# ## #.# ##g###.# #.##.### #.# #..# #.# #.##.# ## #.# #..###.#
#.##.###≈ #.# #......# #.##...+. ####.# #.###### #.###..#≈ #....# #.# #.# #.##§
#.##.# ###.### #.# #.##≈ #'##### #.....# #.###..+. You could see 4 goblins.

Vanquished Creatures
  A dart slug (D:1)
  A bat (D:1)
  An endoplasm (D:1)
  A giant cockroach (D:1)
  7 goblins (D:1)
  4 hobgoblins (D:1)
  4 kobolds (D:1)
  A quokka (D:1)
  2 frilled lizards (D:1)
22 creatures vanquished.

Notes
Turn   | Place    | Note
-------+----------+-------------------------------------------
     0 | D:1      | avis the Felid Shapeshifter began the quest for the Orb.
     0 | D:1      | Reached XP level 1. HP: 9/9 MP: 2/2
    88 | D:1      | Reached skill level 1 in Stealth
   159 | D:1      | Reached XP level 2. HP: 12/12 MP: 3/3
   177 | D:1      | Found a faded altar of an unknown god.
   355 | D:1      | Found Enaosmac's Weapon Boutique.
   876 | D:2      | Noticed Robin
   910 | D:1      | Slain by a goblin

Illustrated notes

Levels and vault maps discovered:
D:1:      ncdulo_lavacross, layout_loops_ring, shapermc_ecumenical_altar_ellora,
          serial_shops, nicolae_shop_bloodbath_and_beyond, serial_bayou_ford_a
D:2:      layout_basic, uniq_robin, uniq_terence

Skill      XL: |  1  2 |
---------------+-------+-----
Stealth        | 2 |  2.0
Dodging        | 3 |  3.0
Fighting       | |  1.3
Unarmed Combat | |  3.3
Shapeshifting  | |  3.4

Action                     || total
---------------------------++-------
  Melee: Unarmed           ||    44
         Punch             ||     2
         Bite              ||     2
   Stab: Sleeping          ||     2
 Armour: Skin              ||     2
  Dodge: Dodged            ||    32

Table legend: (Time is in decaauts)
 A = Elapsed time spent in this place.
 B = Non-inter-level travel time spent in this place.
 C = Inter-level travel time spent in this place.
 D = Time resting spent in this place.
 E = Time spent auto-exploring this place.
 F = Levels seen in this place.
 G = Mean time per level.
                   A        B        C        D        E       F      G
               +--------+--------+--------+--------+--------+-----+--------+
         Total |    756 |    691 |     65 |     41 |    455 |   2 |  378.0 |
       Dungeon |    756 |    691 |     65 |     41 |    455 |   2 |  378.0 |
               +--------+--------+--------+--------+--------+-----+--------+

Top non-repeatable levels by time:
     D:1: 748 daAuts
     D:2: 7 daAuts
